 Dungeon Sprint DCSS version 0.20-a0-251-g16a58bf (webtiles) character file.

60 Dfrag the Covered (level 4, -2/31 HPs)
             Began as a Gargoyle Fighter on Nov 30, 2016.
             Killed from afar by an orc wizard (10 damage)
             ... with a puff of frost
             ... in the Dungeon (Sprint IX: "|||||||||||||||||||||||||||||").
             The game lasted 00:00:17 (147 turns).

Dfrag the Covered (Gargoyle Fighter)                 Turns: 147, Time: 00:00:17

Health: -2/31      AC: 11    Str: 19    XL:     4   Next: 4%
Magic:  4/4        EV:  7    Int:  9    God:
Gold:   0          SH:  9    Dex: 10    Spells: 3/3 levels left

rFire  . . .     SeeInvis .     a - +0 flail
rCold  . . .     Gourm    .     b - +0 scale mail
rNeg   + . .     Faith    .     c - +0 shield
rPois  ∞         Spirit   .     (no helmet)
rElec  +         Reflect  .     (no cloak)
rCorr  .         Harm     .     (no gloves)
MR     .....     NoTele   +     (no boots)
Stlth  ..........               (no amulet)
                                (no ring)
                                (no ring)

@: exhausted
A: negative energy resistance 1, electricity resistance, unbreathing,
petrification resistance, rot immunity, AC +3
a: no special abilities


You were in the Dungeon.
You were not hungry.

You visited 1 branch

Inventory:

Hand Weapons
 a - a +0 flail (weapon)
Armour
 b - a +0 scale mail (worn)
 c - a +0 shield (worn)
Scrolls
 k - a scroll of blinking
Potions
 d - a potion of might
 e - a potion of curing
 g - a potion of heal wounds
 h - a potion of haste
 i - 2 potions of magic
Comestibles
 f - a bread ration


   Skills:
 + Level 5.1 Fighting
 + Level 4.2 Maces & Flails
 + Level 5.2 Armour
 + Level 5.2 Shields


You had 3 spell levels left.
You didn't know any spells.

Dungeon Overview and Level Annotations

Branches:
Dungeon (1/1)

Altars:


Innate Abilities, Weirdness & Mutations

You are resistant to torment.
Your stone body is resilient. (AC +3)
You are immune to poison.
You resist negative energy. (rN+)
You are resistant to electric shocks. (rElec)
You can survive without breathing.
You are immune to petrification.
You are immune to rotting.


Message History

You closely miss something. You block something's attack.
Something hits you but does no damage.
You closely miss something. Something hits you. x2
* * * LOW HITPOINT WARNING * * *
You closely miss something. Something hits you but does no damage.
You block something's attack.
You closely miss something.
You feel yourself speed up.
An orc wizard appears from thin air!
Reactivating autopickup.
The orc wizard hits you but does no damage. x2
You sock the orc wizard!
The orc wizard is severely wounded.
The orc wizard casts a spell at you. The puff of flame hits you!
Your shield prevents you from hitting the orc wizard.
The orc wizard is severely wounded.
The orc wizard gestures at you while chanting.
The puff of frost hits you!
You die...

▓.▓
▓.▓
▓.▓
▓)▓
▓.▓
▓.▓
▓.▓
▓.▓
▓@▓
▓o▓
▓5▓
▓.▓
▓.▓
▓.▓
▓.▓
▓+▓


You could see an orc wizard and a shadow imp.

Vanquished Creatures
  2 worker ants (D)
  An adder (D)
  A leopard gecko (D)
  A bat (D)
  A frilled lizard (D)
  A kobold (D)
  A rat (D)
8 creatures vanquished.

Vanquished Creatures (others)
  A spatial maelstrom (D)
1 creature vanquished.

Grand Total: 9 creatures vanquished

Notes
Turn   | Place    | Note
-------+----------+-------------------------------------------
     0 | D        | Dfrag the Gargoyle Fighter began the quest for the Orb.
     0 | D        | Reached XP level 1. HP: 14/14 MP: 1/1
    22 | D        | Banished a spatial maelstrom
   105 | D        | Noticed a worker ant
   105 | D        | Noticed a worker ant
   105 | D        | Noticed an orc wizard
   114 | D        | Killed a worker ant
   114 | D        | Reached XP level 2. HP: 17/20 MP: 2/2
   114 | D        | Reached XP level 3. HP: 20/24 MP: 3/3
   118 | D        | Reached skill level 5 in Fighting
   118 | D        | Reached skill level 5 in Armour
   118 | D        | Reached skill level 5 in Shields
   121 | D        | Reached XP level 4. HP: 27/31 MP: 4/4
   147 | D        | Killed from afar by an orc wizard

Vault maps used:
D:        linesprint

Skill      XL: |  1  2  3 |
---------------+----------+-----
Fighting       | 4 5 |  5.1
Maces & Flails | 3 4 |  4.2
Armour         | 4 5 |  5.2
Shields        | 4 5 |  5.2

Action                   |  1- 3 |  4- 6 || total
-------------------------+-------+-------++-------
Melee: Flail             |    36 |    26 ||    62
  Use: Potion            |     1 |       ||     1
Armor: Scale mail        |    13 |    24 ||    37
Dodge: Dodged            |     6 |     2 ||     8
Block: Shield            |    18 |     7 ||    25
